 Dungeon Crawl Stone Soup version 0.14-a0-2789-gc18c9f8 (webtiles) character file.

165 RIDDIMRIDER the Ruffian (level 4, -4/41 (44) HPs)
             Began as a Troll Monk on Feb 24, 2014.
             Slain by an orc
             ... wielding a -1,+1 orcish war axe
              (6 damage)
             ... on Level 3 of the Dungeon.
             The game lasted 00:36:58 (1097 turns).

RIDDIMRIDER the Ruffian (Troll Monk)                Turns: 1097, Time: 00:36:58

HP  -4/41 (44)   AC  5     Str 20      XL: 4   Next: 56%
MP   2/2         EV 10     Int  6      God:
Gold 58          SH  0     Dex 12      Spells:  0 memorised,  3 levels left

rFire  . . .     SeeInvis .     k - +0 mace
rCold  . . .     Clarity  .     a - +0 robe (curse)
rNeg   . . .     Conserve .     (shield restricted)
rPois  .         rCorr    .     (helmet restricted)
rElec  .         rRot     .     (no cloak)
SustAb . .       Spirit   .     (gloves unavailable)
rMut   .         Warding  .     (boots unavailable)
Gourm  +         Stasis   .     (no amulet)
MR     .....                    (no ring)
                                (no ring)

@: mildly poisoned, not resistant to hostile enchantments, unstealthy
A: unfitting armour, claws 3, fast metabolism 3, gourmand, regeneration 2,
saprovore 2, shaggy fur 1, tough skin 2
a: no special abilities


You were on level 3 of the Dungeon.
You were not hungry.

You visited 1 branch of the dungeon, and saw 3 of its levels.

You collected 58 gold pieces.

Inventory:

Hand weapons
 c - a +0,+0 orcish club
 f - a +1,+0 whip of freezing
 i - a cursed -2,+0 orcish club
 k - a +0,+0 mace (weapon)
 o - a +0,+1 hand axe
 q - a cursed +0,-3 dwarven short sword
 r - a +0,+0 dagger
 t - a +0,+0 sling
 A - a +0,+0 spear
Missiles
 e - 5 darts (quivered)
 h - a throwing net
 j - 15 stones
 s - 15 arrows
 w - 18 poisoned needles
Armour
 a - a cursed +0 robe (worn)
 m - a +0 chain mail
 x - a +0 leather armour
 z - a +0 orcish leather armour
Scrolls
 d - a scroll of fog
 g - a scroll of curse armour
 l - a scroll of recharging {unknown}
 p - 2 scrolls of identify {unknown}
 u - a scroll of fear {unknown}
 y - 2 scrolls of teleportation {unknown}


   Skills:
 + Level 2.9 Fighting
 + Level 0.3 Maces & Flails
 + Level 3.0 Dodging
 + Level 1.3 Stealth
 + Level 5.0 Unarmed Combat


You had 3 spell levels left.
You didn't know any spells.

Dungeon Overview and Level Annotations

Branches:
Dungeon (3/16)

Altars:


Innate Abilities, Weirdness & Mutations

You are too large for most types of armour.
You have claws for hands.
Your metabolism is lightning-fast.
You like to eat raw meat.
You heal very quickly.
You can eat rotten meat.
You are covered in fur (AC +1).
You have very tough skin (AC +2).


Message History

* * * LOW HITPOINT WARNING * * *
The orc wizard hits you but does no damage.
The orc hits you from afar with an orcish trident.
* * * LOW HITPOINT WARNING * * *
The orc closely misses you.
You feel your flesh rotting away!
It was a potion of decay.
The orc wizard hits you but does no damage.
The orc misses you.
The orc hits you from afar with an orcish trident.
* * * LOW HITPOINT WARNING * * *
The orc barely misses you.
The orc wizard hits you but does no damage.
Unknown command.
That liquid tasted very nasty...
You are poisoned.
It was a potion of poison.
The orc wizard casts a spell.
The orc wizard blinks!
The orc hits you with an orcish war axe.
You die...

##### #...#
##.<.# #....#
##...# ##§...#
#.###§o§.##
#(.(§§o♣.#
.......##o@§.##
#.... ##§...#
#... ##.o.##
### #%%..#
##.<.# #...#
#####


You could see an orc wizard and 3 orcs.

Vanquished Creatures
  Ijyb (D:2)
  Jessica (D:2)
  4 adders
  2 giant cockroaches (D:1)
  3 hobgoblins
  4 jackals (D:1)
  6 kobolds
  2 quokkas (D:2)
  4 bats
  A giant gecko (D:1)
  A giant newt (D:1)
  6 goblins
  5 rats (D:1)
40 creatures vanquished.

Notes
Turn   | Place    | Note
--------------------------------------------------------------
     0 | D:1      | RIDDIMRIDER, the Troll Monk, began the quest for the Orb.
     0 | D:1      | Reached XP level 1. HP: 22/22 MP: 1/1
   137 | D:1      | Reached XP level 2. HP: 23/29 MP: 1/1
   649 | D:2      | Reached XP level 3. HP: 28/36 MP: 2/2
   661 | D:2      | Noticed Jessica
   672 | D:2      | Killed Jessica
   756 | D:2      | Noticed Ijyb
   776 | D:2      | Killed Ijyb
   776 | D:2      | Reached XP level 4. HP: 36/44 MP: 2/2
  1066 | D:3      | Reached skill level 5 in Unarmed Combat
  1096 | D:3      | HP: 1/41 [orc/orcish trident (2)]
  1097 | D:3      | Slain by an orc

Action                   |  1- 3 |  4- 6 || total
-------------------------+-------+-------++-------
Melee: Club              |    13 |       ||    13
       Unarmed           |    51 |       ||    51
       Mace              |    34 |    42 ||    76
Throw: Dart              |       |     7 ||     7
  Use: Scroll            |     1 |     2 ||     3
       Potion            |       |     3 ||     3
 Stab: Sleeping          |       |     1 ||     1
